 Dungeon Crawl Stone Soup version 0.27.1-33-g824d729ab1 (webtiles) character file.

Game seed: 2735395796680827152

27 Descartes the Grasshopper (level 2, -3/13 HPs)
             Began as a Felid Warper on Dec 21, 2021.
             Slain by a gnoll (7 damage)
             ... on level 2 of the Dungeon.
             The game lasted 00:01:19 (1524 turns).

Descartes the Grasshopper (Felid Warper)            Turns: 1524, Time: 00:01:19

Health: -3/13      AC:  1    Str:  7    XL:     2   Next: 93%
Magic:  6/6        EV: 18    Int: 14    God:
Gold:   78         SH:  0    Dex: 15    Spells: 5/5 levels left
                                        Lives:  0   Deaths: 0

rFire    . . .     SeeInvis +     - Unarmed
rCold    . . .     Faith    .   (shield unavailable)
rNeg     . . .     Spirit   .   (armour unavailable)
rPois    .         Reflect  .   (helmet unavailable)
rElec    .         Harm     .   (cloak unavailable)
rCorr    .         Rampage  .   (gloves unavailable)
Will     .....                  (boots unavailable)
Stlth    ++........             (no amulet)
HPRegen  0.04/turn              (no ring)
MPRegen  0.10/turn              (no ring)

@: quick
A: very small, claws 1, fangs 3, see invisible, speed 1, shaggy fur 1, stealthy
paws, no weapons or thrown items, no armour, multi-lived
a: no special abilities


You were on level 2 of the Dungeon.
You visited 1 branch of the dungeon, and saw 2 of its levels.

You collected 78 gold pieces.

Inventory:

Scrolls
 a - a scroll of blinking
 c - 2 scrolls of identify {unknown}
Potions
 b - a potion of brilliance {unknown}
 d - a potion of curing
 e - a potion of magic {unknown}
 f - a potion of mutation {unknown}


   Skills:
 - Level 2.0 Fighting
 + Level 3.9 Dodging
 + Level 2.1 Stealth
 + Level 2.5 Unarmed Combat
 - Level 2.0 Spellcasting
 - Level 4.4 Translocations


You had 5 spell levels left.
You didn't know any spells.
Your spell library contained the following spells:

 Spells                   Type           Power      Damage    Failure   Level
 Blink                    Tloc           N/A        N/A       6%          2
 Gell's Gravitas          Tloc           6%         N/A       12%         3
 Lesser Beckoning         Tloc           6%         N/A       12%         3
 Teleport Other           Tloc           13%        N/A       12%         3
 Manifold Assault         Tloc           13%        N/A       73%         5


Dungeon Overview and Level Annotations

Branches:
Dungeon (2/15)

Altars:


Innate Abilities, Weirdness & Mutations

You have sharp claws.
You have razor-sharp teeth.
You have supernaturally acute eyesight. (SInv)
You cover ground quickly. (Speed+)
You are covered in fur. (AC +1)
Your paws help you pounce on unaware monsters.
You are incapable of wielding weapons or throwing items.
You cannot wear armour.
You gain extra lives every three experience levels.


Message History

The gnoll shouts!
A hobgoblin comes into view.
Found a leather armour.
The quokka bites you.
You closely miss the quokka. You bite the quokka, but do no damage.
The quokka bites you.
You are too injured to fight recklessly!
You are too injured to fight recklessly!
You are too injured to fight recklessly!
You are too injured to fight recklessly!
You are too injured to fight recklessly!
You are too injured to fight recklessly!
You are too injured to fight recklessly!
You are too injured to fight recklessly!
You are too injured to fight recklessly!
You are too injured to fight recklessly!
You are too injured to fight recklessly!
You are too injured to fight recklessly!
You are too injured to fight recklessly!
You are too injured to fight recklessly!
You are too injured to fight recklessly!
You are too injured to fight recklessly!
You are too injured to fight recklessly!
You are too injured to fight recklessly!
You are too injured to fight recklessly!
You completely miss the quokka.
The hobgoblin shouts!
The quokka bites you.
* * * LOW HITPOINT WARNING * * *
You closely miss the quokka. The quokka misses you.
A giant cockroach comes into view.
You scratch the quokka but do no damage.
You bite the quokka.
The quokka is moderately wounded.
The quokka completely misses you. The gnoll barely misses you.
You scratch the quokka.
The quokka is almost dead.
The quokka closely misses you.
The gnoll hits you from afar with a +0 spear!
Ouch! That really hurt!
You die...

.... ###....# #
....####......######
..............'....+
..............######
#........####......
#........####.#####
#..........##.#....
##########.....##.#.###
+....r@..'.....†.......
######..##.....##......
##g###########.#.. ...
#.#.# #...[ #.#..
#....# #.##. #....#
#.##. g...## #.### #.#
#


You could see a gnoll and a quokka.

Vanquished Creatures
  An adder (D:2)
  A dart slug (D:2)
  A bat (D:2)
  A giant cockroach (D:2)
  3 goblins (D:1)
  A hobgoblin (D:1)
  2 ball pythons (D:1)
  4 frilled lizards (D:1)
  A kobold (D:1)
  3 rats (D:1)
18 creatures vanquished.

Notes
Turn   | Place    | Note
-------+----------+-------------------------------------------
     0 | D:1      | Descartes the Felid Warper began the quest for the Orb.
     0 | D:1      | Reached XP level 1. HP: 9/9 MP: 4/4
   567 | D:1      | Found a faded altar of an unknown god.
   701 | D:1      | Reached skill level 1 in Stealth
  1051 | D:1      | Reached XP level 2. HP: 12/13 MP: 6/6
  1524 | D:2      | Slain by a gnoll

Illustrated notes

Levels and vault maps discovered:
D:1:      dpeg_arrival_round_b, layout_loops_corners,
          hellmonk_ecumenical_altar_crossroads
D:2:      minmay_recursive_quarters, layout_basic, basic_altar

Skill      XL: |  1  2 |
---------------+-------+-----
Stealth        | 1 2 |  2.1
Fighting       | |  2.0
Dodging        | |  3.9
Unarmed Combat | |  2.5
Spellcasting   | |  2.0
Translocations | |  4.4

Action                   || total
-------------------------++-------
Melee: Unarmed           ||    67
       Bite              ||     6
  Use: Potion            ||     1
 Stab: Sleeping          ||     3
Armor: Skin              ||     5
Dodge: Dodged            ||    49
